Rangers vs Red Wings
Created - 1 mai 2013 at 23:29
Goals
|
| Rangers |
1 |
0 |
2 |
3 |
| Red Wings |
2 |
1 |
4 |
7 |
|
Shots
|
| Rangers |
7 |
12 |
16 |
35 |
| Red Wings |
8 |
11 |
12 |
31 |
|
1st period
1. Red Wings , Kim Johnsson 13 (Jason Spezza) at 0:04
2. Red Wings , Jason Spezza 15 (Kim Johnsson) at 2:07
3. Rangers , Brad Richards 30 (Kimmo Timonen, Patrick Sharp) at 18:05 (PP)
Penalties :
Milan Lucic (NYR) for Kneeing (Major) at 9:19, Martin Havlat (Det) for Hooking (Minor) at 17:33
2nd period
4. Red Wings , Kim Johnsson 14 (Sean Bergenheim, Martin Havlat) at 3:05 (PP)
Penalties :
Johan Franzen (NYR) for Hooking (Minor) at 2:55, Matt Greene (NYR) for Cross-checking (Minor) at 5:54, Christian Backman (Det) for Holding (Minor) at 8:22, Mike Richards (Det) for Kneeing (Major) at 13:44
3rd period
5. Rangers , Jeremy Roenick 31 (Milan Lucic, Martin Sonnenberg) at 10:18
6. Red Wings , Kim Johnsson 15 (Shawn Horcoff, Paul Martin) at 11:20
7. Rangers , Johan Franzen 31 (Cam Barker, Jeremy Roenick) at 13:58
8. Red Wings , Shawn Horcoff 24 (Kim Johnsson, Paul Martin) at 15:05
9. Red Wings , Shea Weber 8 (Paul Martin) at 17:56 (PP)
10. Red Wings , Donald Brashear 20 (Mike Richards, Kim Johnsson) at 19:48 (PP)
Penalties :
Kim Johnsson (Det) for Hooking (Minor) at 0:35, Ian Laperriere (NYR) for Boarding (Minor) at 0:35, Maxim Kondratiev (Det) for Holding Stick (Minor) at 11:29, Patrick Sharp (NYR) for Holding (Minor) at 17:24, Milan Lucic (NYR) for Goalie Interference (Minor) at 19:16
Goalie Stats
Henrik Lundqvist (NYR), 24 saves from 31 shots - (0,774), L, 36-25-4, 60:00 minutes
Robert Esche (Det), 32 saves from 35 shots - (0,914), W, 4-1-0, 60:00 minutes
Players Stats for Rangers
Player Name G A P +/- PIM S H SB GA TA FO MP PP MP PK MP
------------------------------------------------------------------------------------
Alexandre Burrows 0 0 0 0 0 0 1 0 0 0 0/0 2:31 0:39 1:27
Bobby Holik 0 0 0 -2 0 0 1 0 1 0 1/2 13:28 1:25 1:07
Brad Richards 1 0 1 0 0 2 1 0 0 2 1/11 19:59 3:14 4:05
Brent Seabrook 0 0 0 0 0 1 2 1 0 1 0/0 20:49 3:49 2:58
Bryan Berard 0 0 0 -1 0 1 3 3 0 2 0/0 27:54 4:49 4:38
Cam Barker 0 1 1 0 0 0 2 1 1 0 0/0 20:49 3:49 2:58
Dustin Brown 0 0 0 0 0 1 3 0 0 0 1/2 14:49 3:32 0:00
Ian Laperriere 0 0 0 -2 2 2 2 0 0 0 1/1 11:32 1:08 0:00
Jarkko Ruutu 0 0 0 -2 0 3 4 0 0 0 0/0 12:36 0:12 2:16
Jeremy Roenick 1 1 2 0 0 7 2 3 1 0 21/39 26:49 4:37 4:16
Johan Franzen 1 0 1 0 2 5 1 0 0 0 0/1 21:34 4:37 2:23
Josh Gorges 0 0 0 -1 0 0 1 1 0 0 0/0 11:17 0:51 0:36
Kimmo Timonen 0 1 1 -1 0 5 2 2 1 0 0/0 27:54 4:49 4:38
Martin Sonnenberg 0 1 1 0 0 0 0 0 0 0 0/0 5:02 0:00 0:12
Matt Greene 0 0 0 -1 2 0 1 0 0 0 0/0 11:41 0:51 0:36
Milan Lucic 0 1 1 0 7 6 0 1 1 0 0/2 19:47 4:36 0:38
Patrice Bergeron 0 0 0 0 0 1 0 0 0 0 1/2 6:24 0:55 0:00
Patrick Sharp 0 1 1 0 2 1 1 0 0 1 0/0 14:48 3:32 0:00
Players Stats for Red Wings
Player Name G A P +/- PIM S H SB GA TA FO MP PP MP PK MP
------------------------------------------------------------------------------------
Brian Sutherby 0 0 0 0 0 3 3 0 0 0 1/2 8:16 0:56 2:01
Christian Backman 0 0 0 -1 2 2 0 0 0 0 0/0 10:17 0:24 1:24
Christian Laflamme 0 0 0 -1 0 0 0 1 0 0 0/0 13:00 0:24 3:25
Donald Brashear 1 0 1 -1 0 4 3 0 1 1 0/0 20:00 3:17 1:57
Jaroslav Spacek 0 0 0 0 0 1 0 0 0 0 0/0 8:23 3:01 0:00
Jason Spezza 1 1 2 2 0 5 0 0 0 0 14/29 23:25 3:59 4:50
Kim Johnsson 3 3 6 4 2 3 2 2 0 1 0/0 26:48 4:47 5:25
Lubos Bartecko 0 0 0 2 0 1 2 0 1 0 0/0 9:07 0:55 0:00
Martin Havlat 0 1 1 2 2 3 2 1 0 0 1/2 22:53 4:00 4:19
Mathieu Dandenault 0 0 0 -1 0 1 0 0 1 0 0/0 7:03 0:00 2:31
Maxim Kondratiev 0 0 0 -2 2 0 0 0 0 1 0/0 15:34 0:00 2:48
Mike Richards 0 1 1 -1 5 2 1 0 0 0 11/19 17:29 3:17 0:00
Nathan Horton 0 0 0 -1 0 1 1 0 0 0 1/1 17:06 3:17 0:00
Paul Martin 0 3 3 4 0 0 3 1 0 1 0/0 23:29 4:47 0:39
Peter Schaefer 0 0 0 2 0 1 2 0 0 0 0/0 12:05 0:56 0:22
Sean Bergenheim 0 1 1 2 0 0 1 0 1 0 2/2 17:23 3:59 0:00
Shawn Horcoff 1 1 2 1 0 3 2 0 0 0 4/5 12:15 0:00 2:50
Shea Weber 1 0 1 -1 0 1 1 3 2 1 0/0 23:54 3:01 5:25
3 Stars
1 - Kim Johnsson (Det)
2 - Paul Martin (Det)
3 - Shawn Horcoff (Det)
Power Play
Rangers - 1 on 4 Attempt(s) - 25,00%
Red Wings - 3 on 5 Attempt(s) - 60,00%
Penalty Kill
Rangers - 2 on 5 Attempt(s) - 40,00%
- Score 0 goal in Penalty Kill
Red Wings - 3 on 4 Attempt(s) - 75,00%
- Score 0 goal in Penalty Kill
Official
Referees : Jackson Dave and Dwyer Gord
Linesman : David Brisebois and Tony Sericolo
Game Notes
Kim Johnsson has scored a Hat Trick!
Finance
Level 1 -- Attendance: 4122 (68,70%) -- Ticket Income 375 102 $
Level 2 -- Attendance: 4635 (92,70%) -- Ticket Income 245 655 $
Level 3 -- Attendance: 1890 (94,50%) -- Ticket Income 56 700 $
Level 4 -- Attendance: 3135 (78,38%) -- Ticket Income 62 700 $
Luxury Box -- Attendance: 896 (89,60%) -- Ticket Income 147 840 $
Game was played at the Joe Louis Arena
Total Attendance: 14678 (81,54%)
Total Ticket Income: 887 997 $
Other Income: 44 400 $
Total Income: 932 397 $
Rangers
5 vs 5 Forward
Center Left Wing Right Wing Time % Phy DF OF
1 Jeremy Roenick Milan Lucic Johan Franzen 40 1 2 2
2 Brad Richards Patrick Sharp Dustin Brown 30 1 2 2
3 Bobby Holik Jarkko Ruutu Ian Laperriere 20 1 2 2
4 Patrice Bergeron Martin Sonnenberg Jeremy Roenick 10 1 2 2
5 vs 5 Defense
Defense Defense Time % Phy DF OF
1 Kimmo Timonen Bryan Berard 40 1 2 2
2 Cam Barker Brent Seabrook 30 1 2 2
3 Matt Greene Josh Gorges 20 1 2 2
4 Kimmo Timonen Bryan Berard 10 1 2 2
PowerPlay Forward
Center Left Wing Right Wing Time % Phy DF OF
1 Jeremy Roenick Milan Lucic Johan Franzen 60 1 2 2
2 Brad Richards Patrick Sharp Dustin Brown 40 1 2 2
PowerPlay Defense
Defense Defense Time % Phy DF OF
1 Kimmo Timonen Bryan Berard 60 1 2 2
2 Cam Barker Brent Seabrook 40 1 2 2
Penalty Kill 4 Players Forward
Center Wing Time % Phy DF OF
1 Jeremy Roenick Brad Richards 60 1 2 2
2 Johan Franzen Milan Lucic 40 1 2 2
Penalty Kill 4 Players Defense
Defense Defense Time % Phy DF OF
1 Kimmo Timonen Bryan Berard 60 1 2 2
2 Cam Barker Brent Seabrook 40 1 2 2
Penalty Kill - 3 Players Forward
Forward Time % Phy DF OF
1 Jeremy Roenick 60 1 2 2
2 Brad Richards 40 1 2 2
Penalty Kill - 3 Players Defense
Defense Defense Time % Phy DF OF
1 Kimmo Timonen Bryan Berard 60 1 2 2
2 Cam Barker Brent Seabrook 40 1 2 2
4 vs 4 Forward
Center Wing Time % Phy DF OF
1 Jeremy Roenick Brad Richards 60 1 2 2
2 Johan Franzen Milan Lucic 40 1 2 2
4 vs 4 Defense
Defense Defense Time % Phy DF OF
1 Kimmo Timonen Bryan Berard 60 1 2 2
2 Cam Barker Brent Seabrook 40 1 2 2
Last Minutes Offensive
Center Left Wing Right Wing Defense Defense
Jeremy Roenick Milan Lucic Johan Franzen Kimmo Timonen Bryan Berard
Last Minutes Defensive
Center Left Wing Right Wing Defense Defense
Jeremy Roenick Milan Lucic Johan Franzen Kimmo Timonen Bryan Berard
Goaltenders
Starting : Henrik Lundqvist
Backup : Hannu Toivonen
Extra Forwards
Normal : Bobby Holik, Patrice Bergeron, Jarkko Ruutu - PP : Bobby Holik, Patrice Bergeron - PK : Jarkko Ruutu
Extra Defensemen
Normal : Matt Greene, Josh Gorges, Cam Barker - PP : Matt Greene - PK : Josh Gorges, Cam Barker
Penalty Shots
Jeremy Roenick, Brad Richards, Johan Franzen, Milan Lucic, Patrick Sharp
Red Wings
5 vs 5 Forward
Center Left Wing Right Wing Time % Phy DF OF
1 Jason Spezza Sean Bergenheim Martin Havlat 40 1 2 2
2 Mike Richards Donald Brashear Nathan Horton 40 1 2 2
3 Shawn Horcoff Peter Schaefer Lubos Bartecko 16 1 2 2
4 Brian Sutherby Peter Schaefer Mathieu Dandenault 4 1 3 1
5 vs 5 Defense
Defense Defense Time % Phy DF OF
1 Kim Johnsson Paul Martin 40 1 2 2
2 Shea Weber Maxim Kondratiev 30 1 2 2
3 Christian Backman Christian Laflamme 20 0 3 2
4 Shea Weber Jaroslav Spacek 10 1 2 2
PowerPlay Forward
Center Left Wing Right Wing Time % Phy DF OF
1 Jason Spezza Sean Bergenheim Martin Havlat 60 0 1 4
2 Mike Richards Donald Brashear Nathan Horton 40 0 1 4
PowerPlay Defense
Defense Defense Time % Phy DF OF
1 Kim Johnsson Paul Martin 70 0 2 3
2 Shea Weber Jaroslav Spacek 30 0 2 3
Penalty Kill 4 Players Forward
Center Wing Time % Phy DF OF
1 Jason Spezza Martin Havlat 60 0 3 2
2 Shawn Horcoff Mathieu Dandenault 40 0 3 2
Penalty Kill 4 Players Defense
Defense Defense Time % Phy DF OF
1 Kim Johnsson Shea Weber 60 0 3 2
2 Christian Laflamme Maxim Kondratiev 40 0 3 2
Penalty Kill - 3 Players Forward
Forward Time % Phy DF OF
1 Jason Spezza 60 1 3 1
2 Shawn Horcoff 40 1 3 1
Penalty Kill - 3 Players Defense
Defense Defense Time % Phy DF OF
1 Kim Johnsson Shea Weber 60 1 3 1
2 Christian Laflamme Maxim Kondratiev 40 1 3 1
4 vs 4 Forward
Center Wing Time % Phy DF OF
1 Jason Spezza Martin Havlat 60 0 2 3
2 Shawn Horcoff Nathan Horton 40 0 2 3
4 vs 4 Defense
Defense Defense Time % Phy DF OF
1 Kim Johnsson Paul Martin 60 0 2 3
2 Shea Weber Maxim Kondratiev 40 0 2 3
Last Minutes Offensive
Center Left Wing Right Wing Defense Defense
Jason Spezza Sean Bergenheim Martin Havlat Kim Johnsson Paul Martin
Last Minutes Defensive
Center Left Wing Right Wing Defense Defense
Jason Spezza Donald Brashear Martin Havlat Kim Johnsson Shea Weber
Goaltenders
Starting : Robert Esche
Backup : Mike McKenna
Extra Forwards
Normal : Shawn Horcoff, Brian Sutherby, Lubos Bartecko - PP : Mike Richards, Brian Sutherby - PK : Brian Sutherby
Extra Defensemen
Normal : Shea Weber, Jaroslav Spacek, Christian Laflamme - PP : Christian Laflamme - PK : Christian Backman, Paul Martin
Penalty Shots
Shawn Horcoff, Martin Havlat, Nathan Horton, Jason Spezza, Mike Richards
% Time on Ice - Rangers
Lines # - Real PCT - Wanted PCT - Time Play
Normal Forward
1 - 33% - 40% - 13:29
2 - 30% - 30% - 12:15
3 - 24% - 20% - 9:46
4 - 12% - 10% - 4:50
Normal Defense
1 - 41% - 40% - 16:36
2 - 32% - 30% - 12:57
3 - 24% - 20% - 9:50
4 - 2% - 10% - 0:57
PP Forward
1 - 59% - 60% - 5:37
2 - 41% - 40% - 3:52
PP Defense
1 - 55% - 60% - 5:12
2 - 45% - 40% - 4:17
PK Forward
1 - 69% - 60% - 5:40
2 - 31% - 40% - 2:32
PK Defense
1 - 64% - 60% - 5:14
2 - 36% - 40% - 2:58
PK3 Forward
1 - 0% - 60%
2 - 0% - 40%
PK3 Defense
1 - 0% - 60%
2 - 0% - 40%
44 Forward
1 - 72% - 60% - 1:26
2 - 28% - 40% - 0:33
44 Defense
1 - 45% - 60% - 0:54
2 - 55% - 40% - 1:05
Last Minute Offensive - 0:00
Last Minute Defensive - 0:00
Total
Forward - 60:00
Defense - 60:00
|
% Time on Ice - Red Wings
Lines # - Real PCT - Wanted PCT - Time Play
Normal Forward
1 - 35% - 40% - 14:17
2 - 35% - 40% - 14:19
3 - 19% - 16% - 7:42
4 - 10% - 4% - 4:02
Normal Defense
1 - 45% - 40% - 18:02
2 - 30% - 30% - 11:57
3 - 20% - 20% - 8:05
4 - 6% - 10% - 2:16
PP Forward
1 - 58% - 60% - 4:44
2 - 42% - 40% - 3:28
PP Defense
1 - 63% - 70% - 5:11
2 - 37% - 30% - 3:01
PK Forward
1 - 73% - 60% - 6:58
2 - 27% - 40% - 2:31
PK Defense
1 - 57% - 60% - 5:25
2 - 43% - 40% - 4:04
PK3 Forward
1 - 0% - 60%
2 - 0% - 40%
PK3 Defense
1 - 0% - 60%
2 - 0% - 40%
44 Forward
1 - 100% - 60% - 1:59
2 - 0% - 40% - 0:00
44 Defense
1 - 75% - 60% - 1:29
2 - 25% - 40% - 0:30
Last Minute Offensive - 0:00
Last Minute Defensive - 0:00
Total
Forward - 60:00
Defense - 60:00
|
Play by Play
1st period
0:01 of 1st period - Jason Spezza wins face-off versus Milan Lucic in neutral zone.
0:04 of 1st period - Slapshot by Kim Johnsson.
0:04 of 1st period - Goal by Kim Johnsson - Rangers : 0 - Red Wings : 1.
0:05 of 1st period - Mike Richards wins face-off versus Brad Richards in neutral zone.
0:10 of 1st period - Nathan Horton is hit by Dustin Brown and loses puck.
0:51 of 1st period - Off-side.
0:52 of 1st period - Shawn Horcoff wins face-off versus Bobby Holik in neutral zone.
1:07 of 1st period - Bobby Holik is hit by Lubos Bartecko.
2:07 of 1st period - Slapshot by Kim Johnsson.
2:07 of 1st period - Deflect By Jason Spezza.
2:07 of 1st period - Goal by Jason Spezza - Rangers : 0 - Red Wings : 2.
2:08 of 1st period - Nathan Horton wins face-off versus Milan Lucic in neutral zone.
2:58 of 1st period - Snap shot by Lubos Bartecko.
2:58 of 1st period - Stopped by Henrik Lundqvist with a rebound.
3:04 of 1st period - Slapshot by Shawn Horcoff.
3:04 of 1st period - Stopped by Henrik Lundqvist without a rebound.
3:05 of 1st period - Jeremy Roenick wins face-off versus Mike Richards in Rangers zone.
3:14 of 1st period - Backhand shot by Jeremy Roenick.
3:14 of 1st period - Stopped by Robert Esche without a rebound.
3:15 of 1st period - Mike Richards wins face-off versus Jeremy Roenick in Red Wings zone.
3:36 of 1st period - Wrist shot by Johan Franzen.
3:36 of 1st period - Stopped by Robert Esche with a rebound.
3:42 of 1st period - Cam Barker is hit by Donald Brashear and loses puck.
3:53 of 1st period - Slapshot by Mike Richards.
3:53 of 1st period - Shot Misses the Net.
3:57 of 1st period - Slapshot by Donald Brashear.
3:57 of 1st period - Shot Blocked by Brent Seabrook.
4:01 of 1st period - Wrist shot by Nathan Horton.
4:01 of 1st period - Stopped by Henrik Lundqvist without a rebound.
4:02 of 1st period - Jason Spezza wins face-off versus Brad Richards in Rangers zone.
4:11 of 1st period - Slapshot by Bryan Berard.
4:11 of 1st period - Shot Blocked by Kim Johnsson.
4:27 of 1st period - Shawn Horcoff is hit by Kimmo Timonen.
4:32 of 1st period - Off-side.
4:33 of 1st period - Ian Laperriere wins face-off versus Martin Havlat in neutral zone.
4:36 of 1st period - Snap shot by Jarkko Ruutu.
4:36 of 1st period - Shot Blocked by Shea Weber.
4:48 of 1st period - Slapshot by Shea Weber.
4:48 of 1st period - Shot Misses the Net.
5:39 of 1st period - Brad Richards is hit by Paul Martin and loses puck.
5:50 of 1st period - Snap shot by Brad Richards.
5:50 of 1st period - Shot Blocked by Martin Havlat.
6:12 of 1st period - Paul Martin is hit by Bryan Berard and loses puck.
8:26 of 1st period - Wrist shot by Milan Lucic.
8:26 of 1st period - Shot Blocked by Shea Weber.
8:28 of 1st period - Slapshot by Patrice Bergeron.
8:28 of 1st period - Shot Blocked by Shea Weber.
8:30 of 1st period - Slapshot by Johan Franzen.
8:30 of 1st period - Shot Misses the Net.
8:55 of 1st period - Wrist shot by Patrick Sharp.
8:55 of 1st period - Shot Misses the Net.
9:19 of 1st period - Major Penalty to Milan Lucic for Kneeing.
9:20 of 1st period - Jason Spezza wins face-off versus Brad Richards in Rangers zone.
9:25 of 1st period - Wrist shot by Jason Spezza.
9:25 of 1st period - Stopped by Henrik Lundqvist with a rebound.
10:15 of 1st period - Icing by Sean Bergenheim.
10:16 of 1st period - Jason Spezza wins face-off versus Jeremy Roenick in Red Wings zone.
10:27 of 1st period - Brad Richards is hit by Martin Havlat and loses puck.
10:40 of 1st period - Wrist shot by Donald Brashear.
10:40 of 1st period - Stopped by Henrik Lundqvist with a rebound.
11:12 of 1st period - Bryan Berard is hit by Paul Martin and loses puck.
11:59 of 1st period - Nathan Horton is hit by Alexandre Burrows and loses puck.
14:03 of 1st period - Paul Martin is hit by Bryan Berard and loses puck.
14:19 of 1st period - Penalty to Milan Lucic is over, Milan Lucic is back on ice.
14:49 of 1st period - Bryan Berard is hit by Brian Sutherby and loses puck.
15:08 of 1st period - Wrist shot by Patrice Bergeron.
15:08 of 1st period - Stopped by Robert Esche with a rebound.
16:13 of 1st period - Icing by Dustin Brown.
16:14 of 1st period - Mike Richards wins face-off versus Brad Richards in Rangers zone.
16:59 of 1st period - Mike Richards is hit by Ian Laperriere and loses puck.
17:10 of 1st period - Snap shot by Milan Lucic.
17:10 of 1st period - Deflect By Jeremy Roenick.
17:10 of 1st period - Shot Misses the Net.
17:10 of 1st period - Puck is out of play.
17:11 of 1st period - Jeremy Roenick wins face-off versus Jason Spezza in Red Wings zone.
17:12 of 1st period - Wrist shot by Milan Lucic.
17:12 of 1st period - Shot Misses the Net.
17:22 of 1st period - Snap shot by Martin Havlat.
17:22 of 1st period - Stopped by Henrik Lundqvist without a rebound.
17:23 of 1st period - Sean Bergenheim wins face-off versus Brad Richards in Rangers zone.
17:33 of 1st period - Minor Penalty to Martin Havlat for Hooking.
17:34 of 1st period - Jeremy Roenick wins face-off versus Jason Spezza in Red Wings zone.
17:43 of 1st period - Snap shot by Milan Lucic.
17:43 of 1st period - Stopped by Robert Esche with a rebound.
17:45 of 1st period - Wrist shot by Johan Franzen.
17:45 of 1st period - Shot Misses the Net.
17:47 of 1st period - Slapshot by Johan Franzen.
17:47 of 1st period - Shot Misses the Net.
17:49 of 1st period - Wrist shot by Kimmo Timonen.
17:49 of 1st period - Shot Misses the Net.
18:05 of 1st period - Snap shot by Brad Richards.
18:05 of 1st period - Goal by Brad Richards - Rangers : 1 - Red Wings : 2.
18:06 of 1st period - Jeremy Roenick wins face-off versus Jason Spezza in neutral zone.
18:08 of 1st period - Kimmo Timonen is hit by Kim Johnsson and loses puck.
19:13 of 1st period - Shea Weber is hit by Jeremy Roenick.
19:23 of 1st period - Slapshot by Milan Lucic.
19:23 of 1st period - Stopped by Robert Esche with a rebound.
19:33 of 1st period - Slapshot by Jeremy Roenick.
19:33 of 1st period - Stopped by Robert Esche without a rebound.
19:34 of 1st period - Mike Richards wins face-off versus Patrice Bergeron in Red Wings zone.
19:59 of 1st period - Christian Backman is hit by Ian Laperriere and loses puck.
2nd period
0:01 of 2nd period - Jason Spezza wins face-off versus Jeremy Roenick in neutral zone.
0:04 of 2nd period - Snap shot by Martin Havlat.
0:04 of 2nd period - Shot Misses the Net.
0:16 of 2nd period - Snap shot by Jeremy Roenick.
0:16 of 2nd period - Stopped by Robert Esche with a rebound.
0:26 of 2nd period - Bryan Berard is hit by Mike Richards and loses puck.
1:09 of 2nd period - Slapshot by Bobby Holik.
1:09 of 2nd period - Deflect By Ian Laperriere.
1:09 of 2nd period - Stopped by Robert Esche with a rebound.
1:11 of 2nd period - Slapshot by Kimmo Timonen.
1:11 of 2nd period - Stopped by Robert Esche with a rebound.
1:13 of 2nd period - Snap shot by Jarkko Ruutu.
1:13 of 2nd period - Stopped by Robert Esche with a rebound.
1:15 of 2nd period - Wrist shot by Jarkko Ruutu.
1:15 of 2nd period - Shot Misses the Net.
1:17 of 2nd period - Snap shot by Kimmo Timonen.
1:17 of 2nd period - Stopped by Robert Esche without a rebound.
1:18 of 2nd period - Mike Richards wins face-off versus Brad Richards in Red Wings zone.
1:43 of 2nd period - Kim Johnsson is hit by Cam Barker and loses puck.
1:52 of 2nd period - Snap shot by Jeremy Roenick.
1:52 of 2nd period - Stopped by Robert Esche without a rebound.
1:53 of 2nd period - Jeremy Roenick wins face-off versus Mike Richards in Red Wings zone.
2:55 of 2nd period - Minor Penalty to Johan Franzen for Hooking.
2:56 of 2nd period - Jason Spezza wins face-off versus Brad Richards in Rangers zone.
2:59 of 2nd period - Snap shot by Jason Spezza.
2:59 of 2nd period - Shot Blocked by Bryan Berard.
3:01 of 2nd period - Slapshot by Martin Havlat.
3:01 of 2nd period - Shot Misses the Net.
3:03 of 2nd period - Wrist shot by Sean Bergenheim.
3:03 of 2nd period - Shot Misses the Net.
3:05 of 2nd period - Backhand shot by Kim Johnsson.
3:05 of 2nd period - Goal by Kim Johnsson - Rangers : 1 - Red Wings : 3.
3:06 of 2nd period - Martin Havlat wins face-off versus Jeremy Roenick in neutral zone.
3:11 of 2nd period - Wrist shot by Jason Spezza.
3:11 of 2nd period - Stopped by Henrik Lundqvist with a rebound.
3:13 of 2nd period - Wrist shot by Martin Havlat.
3:13 of 2nd period - Stopped by Henrik Lundqvist with a rebound.
3:15 of 2nd period - Wrist shot by Jason Spezza.
3:15 of 2nd period - Stopped by Henrik Lundqvist without a rebound.
3:16 of 2nd period - Jason Spezza wins face-off versus Jeremy Roenick in Rangers zone.
3:17 of 2nd period - Wrist shot by Kim Johnsson.
3:17 of 2nd period - Deflect By Jason Spezza.
3:17 of 2nd period - Shot Blocked by Bryan Berard.
3:17 of 2nd period - Puck is out of play.
3:18 of 2nd period - Jason Spezza wins face-off versus Jeremy Roenick in Rangers zone.
3:19 of 2nd period - Slapshot by Kim Johnsson.
3:19 of 2nd period - Shot Blocked by Bryan Berard.
3:21 of 2nd period - Snap shot by Martin Havlat.
3:21 of 2nd period - Deflect By Kimmo Timonen.
3:21 of 2nd period - Shot Misses the Net.
3:21 of 2nd period - Puck is out of play.
3:22 of 2nd period - Jeremy Roenick wins face-off versus Jason Spezza in Rangers zone.
3:27 of 2nd period - Snap shot by Martin Havlat.
3:27 of 2nd period - Shot Misses the Net.
3:29 of 2nd period - Snap shot by Martin Havlat.
3:29 of 2nd period - Stopped by Henrik Lundqvist with a rebound.
3:31 of 2nd period - Wrist shot by Jason Spezza.
3:31 of 2nd period - Shot Blocked by Kimmo Timonen.
3:33 of 2nd period - Wrist shot by Sean Bergenheim.
3:33 of 2nd period - Shot Blocked by Jeremy Roenick.
4:35 of 2nd period - Slapshot by Kimmo Timonen.
4:35 of 2nd period - Deflect By Jarkko Ruutu.
4:35 of 2nd period - Stopped by Robert Esche with a rebound.
4:41 of 2nd period - Bryan Berard is hit by Shea Weber and loses puck.
5:16 of 2nd period - Wrist shot by Donald Brashear.
5:16 of 2nd period - Stopped by Henrik Lundqvist without a rebound.
5:17 of 2nd period - Jason Spezza wins face-off versus Brad Richards in Rangers zone.
5:53 of 2nd period - Paul Martin is hit by Matt Greene.
5:54 of 2nd period - Minor Penalty to Matt Greene for Cross-checking.
5:55 of 2nd period - Sean Bergenheim wins face-off versus Jeremy Roenick in Rangers zone.
5:56 of 2nd period - Snap shot by Jason Spezza.
5:56 of 2nd period - Shot Blocked by Cam Barker.
6:30 of 2nd period - Wrist shot by Donald Brashear.
6:30 of 2nd period - Stopped by Henrik Lundqvist without a rebound.
6:31 of 2nd period - Jason Spezza wins face-off versus Johan Franzen in Rangers zone.
6:56 of 2nd period - Bryan Berard is hit by Donald Brashear and loses puck.
7:54 of 2nd period - Penalty to Matt Greene is over, Matt Greene is back on ice.
7:59 of 2nd period - Bobby Holik is hit by Peter Schaefer and loses puck.
8:06 of 2nd period - Wrist shot by Peter Schaefer.
8:06 of 2nd period - Shot Misses the Net.
8:22 of 2nd period - Minor Penalty to Christian Backman for Holding.
8:23 of 2nd period - Jeremy Roenick wins face-off versus Jason Spezza in Red Wings zone.
8:26 of 2nd period - Snap shot by Johan Franzen.
8:26 of 2nd period - Stopped by Robert Esche without a rebound.
8:27 of 2nd period - Jeremy Roenick wins face-off versus Jason Spezza in Red Wings zone.
10:02 of 2nd period - Christian Laflamme is hit by Cam Barker and loses puck.
10:22 of 2nd period - Penalty to Christian Backman is over, Christian Backman is back on ice.
10:40 of 2nd period - Jarkko Ruutu is hit by Nathan Horton and loses puck.
11:08 of 2nd period - Sean Bergenheim is hit by Jarkko Ruutu and loses puck.
11:13 of 2nd period - Snap shot by Bobby Holik.
11:13 of 2nd period - Shot Blocked by Paul Martin.
11:15 of 2nd period - Slapshot by Josh Gorges.
11:15 of 2nd period - Shot Misses the Net.
11:17 of 2nd period - Slapshot by Josh Gorges.
11:17 of 2nd period - Deflect By Jarkko Ruutu.
11:17 of 2nd period - Stopped by Robert Esche with a rebound.
11:26 of 2nd period - Off-side.
11:27 of 2nd period - Shawn Horcoff wins face-off versus Brad Richards in neutral zone.
11:30 of 2nd period - Patrick Sharp is hit by Lubos Bartecko and loses puck.
11:37 of 2nd period - Wrist shot by Shawn Horcoff.
11:37 of 2nd period - Stopped by Henrik Lundqvist with a rebound.
11:39 of 2nd period - Slapshot by Christian Backman.
11:39 of 2nd period - Stopped by Henrik Lundqvist without a rebound.
11:40 of 2nd period - Jeremy Roenick wins face-off versus Mike Richards in Rangers zone.
12:31 of 2nd period - Snap shot by Jeremy Roenick.
12:31 of 2nd period - Stopped by Robert Esche with a rebound.
12:39 of 2nd period - Jeremy Roenick is hit by Peter Schaefer and loses puck.
12:50 of 2nd period - Kim Johnsson is hit by Kimmo Timonen and loses puck.
13:07 of 2nd period - Wrist shot by Peter Schaefer.
13:07 of 2nd period - Shot Misses the Net.
13:09 of 2nd period - Snap shot by Mathieu Dandenault.
13:09 of 2nd period - Stopped by Henrik Lundqvist without a rebound.
13:10 of 2nd period - Brian Sutherby wins face-off versus Jeremy Roenick in Rangers zone.
13:11 of 2nd period - Slapshot by Peter Schaefer.
13:11 of 2nd period - Stopped by Henrik Lundqvist without a rebound.
13:12 of 2nd period - Jeremy Roenick wins face-off versus Jason Spezza in Rangers zone.
13:23 of 2nd period - Snap shot by Milan Lucic.
13:23 of 2nd period - Stopped by Robert Esche with a rebound.
13:43 of 2nd period - Slapshot by Milan Lucic.
13:43 of 2nd period - Deflect By Brad Richards.
13:43 of 2nd period - Shot Misses the Net.
13:43 of 2nd period - Puck is out of play.
13:44 of 2nd period - Mike Richards wins face-off versus Dustin Brown in Red Wings zone.
13:44 of 2nd period - Major Penalty to Mike Richards for Kneeing.
13:45 of 2nd period - Jeremy Roenick wins face-off versus Jason Spezza in Red Wings zone.
13:46 of 2nd period - Snap shot by Milan Lucic.
13:46 of 2nd period - Stopped by Robert Esche with a rebound.
14:16 of 2nd period - Slapshot by Bryan Berard.
14:16 of 2nd period - Shot Misses the Net.
15:00 of 2nd period - Johan Franzen is hit by Kim Johnsson and loses puck.
16:12 of 2nd period - Snap shot by Patrice Bergeron.
16:12 of 2nd period - Shot Blocked by Kim Johnsson.
17:17 of 2nd period - Christian Backman is hit by Brad Richards and loses puck.
17:28 of 2nd period - Ian Laperriere is hit by Martin Havlat and loses puck.
18:44 of 2nd period - Penalty to Mike Richards is over, Mike Richards is back on ice.
3rd period
0:01 of 3rd period - Mike Richards wins face-off versus Jeremy Roenick in neutral zone.
0:25 of 3rd period - Donald Brashear is hit by Jarkko Ruutu and loses puck.
0:35 of 3rd period - Minor Penalty to Kim Johnsson for Hooking.
0:35 of 3rd period - Minor Penalty to Ian Laperriere for Boarding.
0:36 of 3rd period - Jason Spezza wins face-off versus Jeremy Roenick in neutral zone.
1:25 of 3rd period - Brent Seabrook is hit by Brian Sutherby and loses puck.
1:30 of 3rd period - Wrist shot by Brian Sutherby.
1:30 of 3rd period - Stopped by Henrik Lundqvist with a rebound.
1:50 of 3rd period - Jeremy Roenick is hit by Brian Sutherby and loses puck.
2:30 of 3rd period - Jaroslav Spacek is hit by Brent Seabrook.
2:35 of 3rd period - Penalty to Kim Johnsson is over, Kim Johnsson is back on ice.
2:35 of 3rd period - Penalty to Ian Laperriere is over, Ian Laperriere is back on ice.
2:45 of 3rd period - Snap shot by Ian Laperriere.
2:45 of 3rd period - Stopped by Robert Esche with a rebound.
3:11 of 3rd period - Slapshot by Brian Sutherby.
3:11 of 3rd period - Stopped by Henrik Lundqvist with a rebound.
3:13 of 3rd period - Slapshot by Jaroslav Spacek.
3:13 of 3rd period - Stopped by Henrik Lundqvist without a rebound.
3:14 of 3rd period - Brad Richards wins face-off versus Shawn Horcoff in Rangers zone.
3:21 of 3rd period - Shea Weber is hit by Dustin Brown and loses puck.
4:03 of 3rd period - Kim Johnsson is hit by Jarkko Ruutu and loses puck.
4:18 of 3rd period - Patrick Sharp is hit by Shawn Horcoff and loses puck.
4:25 of 3rd period - Peter Schaefer is hit by Patrick Sharp and loses puck.
4:40 of 3rd period - Sean Bergenheim is hit by Jeremy Roenick.
4:58 of 3rd period - Bobby Holik is hit by Donald Brashear and loses puck.
5:13 of 3rd period - Slapshot by Christian Backman.
5:13 of 3rd period - Stopped by Henrik Lundqvist with a rebound.
5:15 of 3rd period - Snap shot by Brian Sutherby.
5:15 of 3rd period - Stopped by Henrik Lundqvist without a rebound.
5:16 of 3rd period - Patrice Bergeron wins face-off versus Brian Sutherby in Rangers zone.
5:57 of 3rd period - Cam Barker is hit by Sean Bergenheim and loses puck.
6:08 of 3rd period - Slapshot by Brent Seabrook.
6:08 of 3rd period - Shot Misses the Net.
6:10 of 3rd period - Slapshot by Brent Seabrook.
6:10 of 3rd period - Stopped by Robert Esche without a rebound.
6:11 of 3rd period - Mike Richards wins face-off versus Jeremy Roenick in Red Wings zone.
6:25 of 3rd period - Off-side.
6:26 of 3rd period - Jason Spezza wins face-off versus Jeremy Roenick in neutral zone.
6:31 of 3rd period - Wrist shot by Jason Spezza.
6:31 of 3rd period - Shot Blocked by Milan Lucic.
6:37 of 3rd period - Wrist shot by Jeremy Roenick.
6:37 of 3rd period - Stopped by Robert Esche with a rebound.
6:39 of 3rd period - Wrist shot by Kimmo Timonen.
6:39 of 3rd period - Deflect By Kim Johnsson.
6:39 of 3rd period - Stopped by Robert Esche without a rebound.
6:40 of 3rd period - Mike Richards wins face-off versus Jeremy Roenick in Red Wings zone.
6:50 of 3rd period - Snap shot by Donald Brashear.
6:50 of 3rd period - Deflect By Milan Lucic.
6:50 of 3rd period - Shot Hit the Post.
6:50 of 3rd period - Puck is out of play.
6:51 of 3rd period - Mike Richards wins face-off versus Jeremy Roenick in Rangers zone.
7:16 of 3rd period - Brad Richards is hit by Paul Martin and loses puck.
7:42 of 3rd period - Shea Weber is hit by Jarkko Ruutu.
8:06 of 3rd period - Wrist shot by Shea Weber.
8:06 of 3rd period - Shot Blocked by Josh Gorges.
8:30 of 3rd period - Snap shot by Brad Richards.
8:30 of 3rd period - Stopped by Robert Esche with a rebound.
8:32 of 3rd period - Snap shot by Patrick Sharp.
8:32 of 3rd period - Shot Misses the Net.
8:34 of 3rd period - Wrist shot by Patrick Sharp.
8:34 of 3rd period - Stopped by Robert Esche without a rebound.
8:35 of 3rd period - Bobby Holik wins face-off versus Jason Spezza in Red Wings zone.
8:36 of 3rd period - Wrist shot by Jarkko Ruutu.
8:36 of 3rd period - Shot Misses the Net.
8:51 of 3rd period - Martin Havlat is hit by Bobby Holik and loses puck.
9:05 of 3rd period - Snap shot by Johan Franzen.
9:05 of 3rd period - Stopped by Robert Esche without a rebound.
9:06 of 3rd period - Mike Richards wins face-off versus Jeremy Roenick in Red Wings zone.
9:31 of 3rd period - Martin Havlat is hit by Brent Seabrook and loses puck.
9:42 of 3rd period - Backhand shot by Brad Richards.
9:42 of 3rd period - Deflect By Dustin Brown.
9:42 of 3rd period - Stopped by Robert Esche with a rebound.
9:44 of 3rd period - Slapshot by Kimmo Timonen.
9:44 of 3rd period - Stopped by Robert Esche with a rebound.
10:18 of 3rd period - Snap shot by Jeremy Roenick.
10:18 of 3rd period - Goal by Jeremy Roenick - Rangers : 2 - Red Wings : 3.
10:19 of 3rd period - Jeremy Roenick wins face-off versus Mike Richards in neutral zone.
11:16 of 3rd period - Wrist shot by Paul Martin.
11:16 of 3rd period - Shot Hit the Post.
11:18 of 3rd period - Snap shot by Shawn Horcoff.
11:18 of 3rd period - Shot Misses the Net.
11:20 of 3rd period - Slapshot by Kim Johnsson.
11:20 of 3rd period - Goal by Kim Johnsson - Rangers : 2 - Red Wings : 4.
11:21 of 3rd period - Jeremy Roenick wins face-off versus Mike Richards in neutral zone.
11:29 of 3rd period - Minor Penalty to Maxim Kondratiev for Holding Stick.
11:30 of 3rd period - Jason Spezza wins face-off versus Jeremy Roenick in Red Wings zone.
12:09 of 3rd period - Snap shot by Milan Lucic.
12:09 of 3rd period - Stopped by Robert Esche without a rebound.
12:10 of 3rd period - Shawn Horcoff wins face-off versus Jeremy Roenick in Red Wings zone.
12:23 of 3rd period - Backhand shot by Milan Lucic.
12:23 of 3rd period - Stopped by Robert Esche without a rebound.
12:24 of 3rd period - Jeremy Roenick wins face-off versus Jason Spezza in Red Wings zone.
13:06 of 3rd period - Snap shot by Bryan Berard.
13:06 of 3rd period - Stopped by Robert Esche without a rebound.
13:07 of 3rd period - Shawn Horcoff wins face-off versus Jeremy Roenick in Red Wings zone.
13:07 of 3rd period - Shawn Horcoff is hit by Johan Franzen.
13:29 of 3rd period - Penalty to Maxim Kondratiev is over, Maxim Kondratiev is back on ice.
13:54 of 3rd period - Wrist shot by Jeremy Roenick.
13:54 of 3rd period - Shot Blocked by Christian Laflamme.
13:56 of 3rd period - Slapshot by Cam Barker.
13:56 of 3rd period - Shot Misses the Net.
13:58 of 3rd period - Snap shot by Johan Franzen.
13:58 of 3rd period - Goal by Johan Franzen - Rangers : 3 - Red Wings : 4.
13:59 of 3rd period - Jason Spezza wins face-off versus Brad Richards in neutral zone.
14:14 of 3rd period - Slapshot by Kimmo Timonen.
14:14 of 3rd period - Stopped by Robert Esche without a rebound.
14:15 of 3rd period - Jeremy Roenick wins face-off versus Mike Richards in Red Wings zone.
14:16 of 3rd period - Snap shot by Milan Lucic.
14:16 of 3rd period - Shot Misses the Net.
14:28 of 3rd period - Snap shot by Mike Richards.
14:28 of 3rd period - Stopped by Henrik Lundqvist with a rebound.
14:30 of 3rd period - Wrist shot by Mike Richards.
14:30 of 3rd period - Stopped by Henrik Lundqvist with a rebound.
14:40 of 3rd period - Jason Spezza is hit by Dustin Brown and loses puck.
15:05 of 3rd period - Slapshot by Shawn Horcoff.
15:05 of 3rd period - Goal by Shawn Horcoff - Rangers : 3 - Red Wings : 5.
15:06 of 3rd period - Jeremy Roenick wins face-off versus Jason Spezza in neutral zone.
17:11 of 3rd period - Christian Laflamme is hit by Josh Gorges.
17:24 of 3rd period - Minor Penalty to Patrick Sharp for Holding.
17:25 of 3rd period - Jeremy Roenick wins face-off versus Jason Spezza in Rangers zone.
17:36 of 3rd period - Slapshot by Paul Martin.
17:36 of 3rd period - Shot Blocked by Jeremy Roenick.
17:38 of 3rd period - Wrist shot by Paul Martin.
17:38 of 3rd period - Shot Blocked by Kimmo Timonen.
17:40 of 3rd period - Wrist shot by Sean Bergenheim.
17:40 of 3rd period - Shot Blocked by Jeremy Roenick.
17:56 of 3rd period - Slapshot by Shea Weber.
17:56 of 3rd period - Goal by Shea Weber - Rangers : 3 - Red Wings : 6.
17:57 of 3rd period - Jeremy Roenick wins face-off versus Mike Richards in neutral zone.
18:02 of 3rd period - Mike Richards is hit by Bryan Berard and loses puck.
18:12 of 3rd period - Snap shot by Johan Franzen.
18:12 of 3rd period - Stopped by Robert Esche without a rebound.
18:13 of 3rd period - Dustin Brown wins face-off versus Jason Spezza in Red Wings zone.
18:42 of 3rd period - Off-side.
18:43 of 3rd period - Jeremy Roenick wins face-off versus Mike Richards in neutral zone.
18:48 of 3rd period - Wrist shot by Jeremy Roenick.
18:48 of 3rd period - Shot Misses the Net.
18:56 of 3rd period - Wrist shot by Donald Brashear.
18:56 of 3rd period - Shot Misses the Net.
18:58 of 3rd period - Slapshot by Maxim Kondratiev.
18:58 of 3rd period - Shot Misses the Net.
19:08 of 3rd period - Cam Barker is hit by Shawn Horcoff and loses puck.
19:16 of 3rd period - Minor Penalty to Milan Lucic for Goalie Interference.
19:17 of 3rd period - Jeremy Roenick wins face-off versus Jason Spezza in Rangers zone.
19:48 of 3rd period - Wrist shot by Donald Brashear.
19:48 of 3rd period - Goal by Donald Brashear - Rangers : 3 - Red Wings : 7.
19:49 of 3rd period - Jeremy Roenick wins face-off versus Jason Spezza in neutral zone.
19:59 of 3rd period - Wrist shot by Jason Spezza.
19:59 of 3rd period - Stopped by Henrik Lundqvist without a rebound.
Output by the SimonT Hockey Simulator (STHS) for François Prévost -- Original Page W3C XHTML 1.0 Valid